[Event "German Bundesliga 2024-25"]
[Site "Germany"]
[Date "2025.01.11"]
[Round "5.2"]
[White "Howell, David W L"]
[Black "L'Ami, Erwin"]
[Result "0-1"]
[Annotator "TA"]
[ECO "B38"]
[WhiteElo "2673"]
[BlackElo "2614"]
[PlyCount "100"]
[EventDate "2024.09.27"]
[EventType "team-tourn"]
[EventCountry "GER"]
[SourceTitle "playchess.com"]
[Source "ChessBase"]
[SourceQuality "1"]
[WhiteTeam "St. Pauli"]
[BlackTeam "SG Solingen"]
[TimeControl "40/5400+30:1800+30"]

1. Nf3 c5 2. c4 Nc6 3. d4 cxd4 4. Nxd4 g6 5. e4 Bg7 6. Be3 Qb6 7. Nb3 Qd8 8. Nd4 Qb6 9. Nb5 Qa5+ 10. N1c3 Nf6 11. f3 {[%emt 0:05:12] White has an edge.} d6 12. Be2 O-O 13. O-O a6 14. Nd4 Nxd4 15. Bxd4 Be6 16. b3 Rfc8 17. f4 b5 18. f5 Bd7 {[%emt 0:01:13] [#]} 19. Kh1 (19. Bxf6 $1 $16 exf6 20. Qd4 (20. Qxd6 Qxc3 21. Qxd7 Rd8 $15)) 19... Bc6 $11 20. a3 Rab8 (20... Bxe4 $2 21. Bxf6 (21. cxb5 $2 Rxc3 22. b4 Qc7 $19) 21... Bxf6 22. Nxe4 $18) (20... Nxe4 $2 21. Nxe4 bxc4 22. fxg6 Bxe4 23. gxf7+ Kf8 24. Bxg7+ (24. Bxc4 Qg5 $18) (24. bxc4 Bxd4 25. Qxd4 Qe5 $18) 24... Kxg7 25. Bxc4 $18 (25. bxc4 Rc7 $18)) 21. e5 (21. Qe1 $11) 21... dxe5 $15 22. Bxe5 bxc4 $1 23. Bxb8 {[%emt 0:00:01] [#] b4 is the strong threat.} Rxb8 24. b4 Qe5 25. Bf3 (25. Rc1 $11) 25... gxf5 {[%emt 0:04:42] Black is more active.} 26. Rc1 (26. Bxc6 $2 {too greedy.} Ng4 (26... Qxc3 27. Rxf5 $11) 27. g3 Qxc3 $19) 26... Bxf3 $40 {[%emt 0:04:09][%mdl 128] White needs to defend precisely.} (26... Qc7 $15 {might be stronger.}) 27. Qxf3 (27. gxf3 $11 e6 28. Qe1) 27... e6 28. g3 {[%emt 0:00:39] White is now going downhill.} ({White should try} 28. h3 $15) 28... Ng4 ({Black should play} 28... Qc7 $17 29. Qf4 Qxf4 30. gxf4 Kf8) 29. Qf4 (29. h3 $1 $15 Nf6 (29... Ne3 30. Rfe1 $14) 30. Rfd1) 29... Rc8 30. h3 Ne3 31. Qxe5 Bxe5 32. Rfe1 Bxc3 33. Rxc3 $19 {[%emt 0:00:05][%mdl 4096] Endgame. KRR-KRN} Nd5 34. Rc2 h5 35. Kg2 (35. Rb1 $17) 35... Kg7 36. Kf3 Kf6 37. Rd1 c3 38. Rd4 Ke5 39. Rd1 (39. Rd3 {is a better defense.}) 39... Rc4 40. Re1+ (40. Kf2 $142) 40... Kd6 41. Rb1 Kc6 42. Ke2 Re4+ 43. Kf2 Rd4 44. Ke1 {[%emt 0:10:56] Wards off Rd2} (44. Re2 $142) 44... Rd3 45. Rg2 Ne3 46. Rg1 {[%emt 0:00:46] Hoping for Ke2.} Rd2 47. Rb3 Rc2 {[%emt 0:01:08] aiming for ...Kd5.} 48. a4 Kd5 {[%emt 0:01:08] ( -> ...Kc4)} 49. b5 Kc4 50. bxa6 Kd3 {[%emt 0:00:22] Weighted Error Value: White=0.58/Black=0.12 (very precise) .  Mistake:       	White=10    	Black=2      Inaccurate:     	White=2     	---        OK:         	White=13    	Black=22     Best:        	---       	Black=2      Strong:       	---       	Black=1} 0-1

[Event "German Bundesliga 2024-25"]
[Site "Germany"]
[Date "2025.01.11"]
[Round "5.2"]
[White "Svane, Frederik"]
[Black "Beerdsen, Thomas"]
[Result "1-0"]
[Annotator "TA"]
[ECO "C54"]
[WhiteElo "2654"]
[BlackElo "2508"]
[PlyCount "145"]
[EventDate "2024.09.27"]
[EventType "team-tourn"]
[EventCountry "GER"]
[SourceTitle "playchess.com"]
[Source "ChessBase"]
[SourceQuality "1"]
[WhiteTeam "Hamburg"]
[BlackTeam "Muelheim Nord"]
[TimeControl "40/5400+30:1800+30"]

1. e4 e5 2. Nf3 Nc6 3. Bc4 Nf6 4. d3 Bc5 5. O-O O-O 6. Nbd2 d6 7. c3 a5 8. Re1 Ba7 9. h3 Ne7 10. d4 Ng6 11. Bd3 Re8 12. Bc2 b5 13. Nf1 Bb7 14. Ng3 h6 15. Bd2 Qe7 (15... c5 $11) 16. Bd3 Bc6 17. Qc2 Rad8 18. Be3 Bb6 19. Rad1 Bd7 20. Bf1 Qf8 21. b3 b4 22. c4 (22. Bc4 $14 {is more appropriate.}) 22... exd4 (22... c5 $5) 23. Nxd4 Ra8 24. Bc1 a4 25. Bb2 Ne5 26. Kh1 axb3 27. axb3 Ra2 28. Qb1 Rxb2 29. Qxb2 $14 Bc8 ({Black should play} 29... h5 $14) 30. Qd2 $16 Bb7 31. f3 Bc5 32. Ngf5 Kh7 33. Nb5 g6 34. Ng3 Qe7 35. Nd4 Ned7 36. Qf4 Ra8 37. Nb5 ({Better is} 37. Nc2 $14) 37... Bb6 38. Qd2 Qe5 39. f4 Qc5 40. Bd3 Re8 41. Bc2 Nh5 $2 (41... h5 $11) 42. Nxh5 $18 Qxh5 43. Qe2 (43. Qxb4 $18 Bc6 44. Qc3) 43... Qh4 $14 44. Qg4 Qxg4 45. hxg4 Nf6 $2 (45... Bc8 $11 {and Black is okay.}) 46. e5 $1 $18 dxe5 47. Rxe5 (47. c5 $6 Bxc5 (47... Nxg4 $2 48. cxb6 Nf2+ 49. Kg1 $18) 48. Rxe5 Rxe5 49. fxe5 Nxg4 $16) 47... Rxe5 48. fxe5 Nxg4 {[%emt 0:00:07] ...Nf2+ would now be deadly.} 49. Rd7 $1 Ne3 $2 {[%emt 0:04:53] [#]} (49... Nxe5 {is more resistant.} 50. Re7 Nc6 51. Rxf7+ Kg8) 50. e6 $1 Bxg2+ (50... Bc8 51. Rxf7+) 51. Kh2 Bc6 {[%emt 0:00:16][%cal Oc6d7] [#]} 52. c5 $1 Bxc5 (52... Bxb5 $2 53. Rxf7+ Kh8 54. cxb6 (54. Bxg6 $2 Bxc5 55. Kg3 Be8 $19) 54... cxb6 55. Be4 $18 (55. Bxg6 Be8 $18)) (52... Bxd7 $2 53. exd7 Bxc5 54. d8=Q $18 (54. d8=B $2 Nxc2 55. Bxc7 Na1 $19)) 53. Rxf7+ Kg8 54. Rxc7 (54. Nxc7 $2 Bd6+ (54... Nxc2 $2 55. Kh3 $19) 55. Kg1 Nxc2 $19) 54... Bxb5 55. Rxc5 Nxc2 56. Rxb5 {[%emt 0:01:45][%mdl 4096] Endgame KR-KN} ({Don't take} 56. Rxc2 $6 Kf8 $16) 56... Kf8 57. Rb7 g5 58. Kg3 h5 59. e7+ (59. Kf3 $16 {And now Ke4 would win.} Nd4+ 60. Ke4 Nxe6 61. Rxb4) 59... Kf7 $11 60. Kf3 g4+ $2 (60... h4 $11) 61. Kf4 $18 g3 62. Kxg3 {[%emt 0:00:06] White wants to mate with Kf4.} Nd4 63. Rxb4 Nc6 64. Rh4 Kxe7 65. Rxh5 Kd6 66. Kf4 Nd4 67. b4 Nc2 68. Rb5 Nd4 69. Rh5 Nc2 $1 70. b5 $1 Na3 {[%emt 0:00:49] [#]} 71. b6 $1 Kc6 {[%emt 0:00:50] [#]} 72. Ra5 $1 Nc4 {[%emt 0:00:10] [#]} 73. Rc5+ $3 1-0

[Event "German Bundesliga 2024-25"]
[Site "Germany"]
[Date "2025.01.11"]
[Round "5.2"]
[White "Pultinevicius, Paulius"]
[Black "Fedoseev, Vladimir"]
[Result "0-1"]
[Annotator "TA"]
[ECO "D38"]
[WhiteElo "2579"]
[BlackElo "2712"]
[PlyCount "70"]
[EventDate "2024.09.27"]
[EventType "team-tourn"]
[EventCountry "GER"]
[SourceTitle "playchess.com"]
[Source "ChessBase"]
[SourceQuality "1"]
[WhiteTeam "Bad Mergentheim"]
[BlackTeam "Bayern Muenchen"]
[TimeControl "40/5400+30:1800+30"]

1. d4 Nf6 2. c4 e6 3. Nf3 d5 4. Nc3 Bb4 5. cxd5 exd5 6. Bf4 c5 7. g3 Nc6 8. Bg2 c4 9. O-O O-O 10. Bg5 Be6 11. Ne1 (11. Ne5 $14 {was preferable.}) 11... Be7 $11 12. Nc2 Rc8 13. Re1 Rc7 14. b3 cxb3 15. axb3 Nb4 16. Bxf6 gxf6 17. Nxb4 $1 Bxb4 18. Nb5 $1 Rc8 19. Rf1 $1 Qb6 20. Na3 (20. Nxa7 Ra8 21. e3 Be7 $19 (21... Rxa7 22. Rxa7 Qxa7 23. Bxd5 $17)) 20... Bc3 21. Ra2 Bxd4 22. Rd2 (22. e3 $11 Be5 23. Bxd5 Bxd5 24. Qxd5) 22... Bc5 $36 {[%emt 0:02:38][%mdl 2048] Black is really pushing. Black is much more active. This pair of bishops is nice.} 23. Nc2 Qxb3 24. Qa1 Kg7 (24... Bxf2+ {is interesting.} 25. Rxf2 Rxc2 26. Qxf6 Rfc8) 25. Nd4 Qc4 26. Rfd1 {[%emt 0:02:16] [#]} a5 $1 27. Qb1 (27. Nxe6+ $17 fxe6 28. e4) (27. e3 Bb4) 27... Bxd4 $19 28. Rxd4 Qc2 (28... Qxe2 $19 {has better winning chances.} 29. Bxd5 Bxd5 30. Rxd5 Rc2) 29. Qxb7 $2 (29. Qa1 $17) 29... Qxe2 ({Black should try} 29... Rc4 $1 $19 {[%cal Rc4d4] and ...Rxd4 would now be decisive} 30. Bf3 Rxd4 31. Rxd4 Bh3) 30. Bf1 $17 {[%emt 0:01:37] [#]} Qc2 $1 31. Ra1 {[%emt 0:01:10] [#]} (31. Qb6 $17) 31... Rb8 $1 $19 32. Qe7 Rfe8 33. Qa3 Rb1 34. g4 (34. Rxb1 {was necessary.} Qxb1 35. Qd3) 34... Reb8 35. Qxa5 $2 (35. Rxb1 $19 Rxb1 36. Kg2) 35... Qe2 0-1

[Event "German Bundesliga 2024-25"]
[Site "Germany"]
[Date "2025.01.11"]
[Round "5.3"]
[White "Santos Latasa, Jaime"]
[Black "Laurusas, Tomas"]
[Result "1-0"]
[Annotator "TA"]
[ECO "D15"]
[WhiteElo "2630"]
[BlackElo "2579"]
[PlyCount "95"]
[EventDate "2024.09.27"]
[EventType "team-tourn"]
[EventCountry "GER"]
[SourceTitle "playchess.com"]
[Source "ChessBase"]
[SourceQuality "1"]
[WhiteTeam "Bayern Muenchen"]
[BlackTeam "Bad Mergentheim"]
[TimeControl "40/5400+30:1800+30"]

1. c4 c6 2. Nf3 d5 3. e3 Nf6 4. Nc3 a6 5. d4 g6 6. a4 Bg7 7. a5 O-O 8. h3 dxc4 {[%emt 0:16:30] The position is equal.} 9. Bxc4 c5 10. d5 Nbd7 11. O-O b5 12. axb6 Nxb6 13. Ba2 Bf5 (13... a5 $14) 14. g4 (14. Ng5 $16) 14... Bd7 $14 15. e4 Bb5 16. Re1 Nfd7 17. e5 c4 18. Bb1 Nc5 19. Be3 Rc8 20. Bc2 $36 {[%emt 0:01:24][%mdl 2048] White is pushing.} Qd7 21. Qd2 Rfd8 22. Rad1 Qb7 {[%emt 0:04:14][%cal Ob6d5] [#]} 23. Bxc5 $1 Rxc5 24. Be4 Qb8 (24... Qc8 $142) 25. Qe3 $16 Rcc8 26. Bb1 (26. e6 $16 {And now exf7+ would win.} fxe6 27. Ng5 (27. dxe6 Rxd1 28. Rxd1 Qc7 $11)) 26... Be8 ({Of course not} 26... e6 27. dxe6 fxe6 28. g5 $16) 27. Rd2 (27. Qg5 $5) 27... Nd7 ({Black should try} 27... Na4 $11) 28. h4 Qb6 $1 29. Qf4 f6 30. exf6 Qxf6 31. Qe3 {[%emt 0:00:17] White is much more active.} Nc5 32. d6 e6 {[%emt 0:03:19] [#] Dodges Nd5} (32... e5 $1 $14) 33. Red1 ({White has to play} 33. Rd4 $1 $16 {[%cal Rd4f4] Rf4! is the strong threat.} Qf8 34. Rxc4) 33... Bb5 34. g5 Qf7 35. Ne5 {[%emt 0:01:55] Dodges Bc6} Bxe5 36. Qxe5 Nd7 ({Black should play} 36... Rf8 $14) 37. Qe3 Rf8 38. Re1 Rce8 39. Be4 {[%emt 0:00:36] Strongly threatening Nxb5.} Ne5 40. Kg2 Qd7 (40... Qf4 $16 {was called for.}) 41. Qc5 (41. f4 $18 Nd3 42. Bxd3 cxd3 43. Nxb5 Qxb5 44. Qxd3 (44. Rxd3 e5 $14) 44... Qxd3 45. Rxd3) 41... Qg7 (41... Nd3 $16 {keeps fighting.} 42. Bxd3 cxd3 43. Nxb5 Rf5) 42. Nxb5 $18 axb5 43. Qxb5 Rb8 44. Qc5 Rfc8 (44... Rbd8 {was necessary.} 45. Kg3 Rc8) 45. Qd4 Nd7 $2 (45... Rd8 46. Ree2 Rbc8) 46. Qxg7+ Kxg7 {[%emt 0:00:06] [#]} 47. Bd5 $1 Nf8 (47... exd5 48. Re7+) 48. d7 {[%emt 0:00:00] Weighted Error Value: White=0.21 (precise) /Black=0.34.  Mistake:       	White=4     	Black=9      Inaccurate:     	White=1     	Black=7      OK:         	White=20    	Black=14     Best:        	White=3     	Black=1      Strong:       	White=1     	Black=1} (48. Bxe6 Re8 49. Rde2 Nxe6 50. Rxe6 Rxe6 51. Rxe6 h5) 1-0

[Event "German Bundesliga 2024-25"]
[Site "Germany"]
[Date "2025.01.11"]
[Round "5.3"]
[White "Ragger, Markus"]
[Black "Christiansen, Johan-Sebastian"]
[Result "1/2-1/2"]
[Annotator "TA"]
[ECO "A54"]
[WhiteElo "2579"]
[BlackElo "2661"]
[PlyCount "106"]
[EventDate "2024.09.27"]
[EventType "team-tourn"]
[EventCountry "GER"]
[SourceTitle "playchess.com"]
[Source "ChessBase"]
[SourceQuality "1"]
[WhiteTeam "SG Solingen"]
[BlackTeam "St. Pauli"]
[TimeControl "40/5400+30:1800+30"]

1. d4 Nf6 2. c4 d6 3. Nc3 e5 4. Nf3 e4 5. Nd2 Bf5 6. Nb3 (6. Qb3 $16) 6... c6 7. Bg5 Nbd7 8. e3 Be7 9. Be2 h6 10. Bf4 O-O 11. d5 ({White should try} 11. g4 $14 Bh7 12. h4) 11... c5 (11... cxd5 $11 12. Nxd5 Ne5) 12. Nd2 {[%emt 0:01:18] White is more active.} Re8 (12... g5 $142) 13. g4 Bg6 14. h4 Bf8 {[%emt 0:06:06] [#]} 15. g5 $1 hxg5 16. hxg5 Nh7 17. Bh5 Bf5 18. Bg4 Bg6 19. Bh5 Bf5 $1 20. Rg1 (20. Bg4 Bg6 $16) (20. Qe2 $18) 20... Ne5 $16 {[%emt 0:07:52] Inhibits f3.} 21. Bxe5 (21. Ncxe4 Nd3+ 22. Kf1 Rxe4 (22... Bxe4 23. Bxf7+ Kxf7 24. Nxe4 $11) 23. Nxe4 Bxe4 $17) (21. Ndxe4 g6 $16) 21... Rxe5 22. g6 fxg6 23. Bxg6 Bxg6 24. Rxg6 Nf6 {[%emt 0:12:52] Wards off Qg4} (24... Qh4 $16) 25. Qe2 Qe8 26. Rg2 a6 27. O-O-O b5 28. Rh1 (28. cxb5 axb5 29. Qxb5 Qxb5 30. Nxb5 Rxa2 $11) 28... b4 29. Nd1 Rf5 30. Rgh2 a5 31. Nf1 (31. f4 $16 exf3 32. Nxf3 (32. Rh8+ Kf7 $16)) 31... a4 $1 $11 32. Ng3 Rg5 $1 33. Rh8+ Kf7 34. R8h4 a3 35. b3 Qe5 36. Qc2 Re8 37. Rf4 (37. Kd2 $11) 37... Kg8 ({Black should try} 37... Rg4 $1 $15 38. Rf5 Qa1+ 39. Qb1 Qxb1+ 40. Kxb1 g6) 38. Kd2 Rg4 (38... Qe7 $11 {keeps the balance.}) 39. Rxg4 $16 Nxg4 {[%emt 0:00:01] [#]} 40. Qxe4 $1 Qxe4 41. Nxe4 Rxe4 42. f3 $1 Rxc4 $1 43. Rh4 $2 (43. bxc4 $16 {is forced if you want to stay better.} Ne5 44. f4 Nxc4+ 45. Kc2) 43... Be7 (43... Ne5 $1 $19 44. Rxc4 Nxc4+ 45. bxc4 Be7) 44. Rxg4 $17 Rxg4 45. fxg4 {[%emt 0:00:00][%mdl 4096] Endgame KB-KN} Bh4 {[%emt 0:00:27] Prevents Nf2} (45... Kf7 $17 {and ...Bh4 should not be overlooked} 46. Kd3 Bg5) 46. Kd3 $11 Kf7 47. e4 $1 Kf6 48. Ne3 {[%emt 0:00:00] Black must now prevent Nf5.} Bg3 49. Ke2 Ke5 (49... Bf4 $5 50. Nc4 $8 Kg5 $11) 50. Kd3 $1 Kf6 (50... g6 $5) 51. Ke2 Ke5 52. Kd3 $1 Kf6 (52... Bf4 $5 53. Nc4+ $8 Kf6 $11) 53. Ke2 Ke5 (53... Bf4 $5 54. Nc4 $8 g6 $11) 1/2-1/2

[Event "German Bundesliga 2024-25"]
[Site "Germany"]
[Date "2025.01.11"]
[Round "5.3"]
[White "Buckels, Valentin"]
[Black "Svane, Rasmus"]
[Result "1/2-1/2"]
[Annotator "TA"]
[ECO "A20"]
[WhiteElo "2448"]
[BlackElo "2628"]
[PlyCount "52"]
[EventDate "2024.09.27"]
[EventType "team-tourn"]
[EventCountry "GER"]
[SourceTitle "playchess.com"]
[Source "ChessBase"]
[SourceQuality "1"]
[WhiteTeam "Muelheim Nord"]
[BlackTeam "Hamburg"]
[TimeControl "40/5400+30:1800+30"]

1. c4 e5 2. g3 Nf6 3. Bg2 h6 4. Nc3 Bb4 5. Qc2 O-O 6. Nf3 Re8 7. O-O d6 8. d3 Nc6 9. a3 Bxc3 10. Qxc3 d5 11. cxd5 Nxd5 12. Qc5 Nf6 13. Be3 e4 14. Nd4 Nxd4 15. Bxd4 (15. Qxd4 exd3 16. Qxd3 (16. exd3 c6 $11) 16... Qxd3 17. exd3 a5) 15... exd3 16. exd3 c6 17. b4 a6 18. a4 Be6 19. b5 axb5 20. axb5 Rxa1 21. Bxa1 {[%emt 0:00:30] A strong pair of Bishops.} (21. Rxa1 cxb5 22. Bxb7 Bd5 23. Bxd5 Qxd5 24. Rc1) 21... Qxd3 22. Bxf6 (22. bxc6 {feels hotter.} bxc6 23. Qxc6 Bd5 24. Qc3) 22... gxf6 23. bxc6 bxc6 24. Qxc6 Rc8 25. Qf3 Qxf3 26. Bxf3 Kg7 1/2-1/2

[Event "German Bundesliga 2024-25"]
[Site "Germany"]
[Date "2025.01.11"]
[Round "5.4"]
[White "Bjerre, Jonas Buhl"]
[Black "Andersen, Mads"]
[Result "1-0"]
[Annotator "TA"]
[ECO "C84"]
[WhiteElo "2654"]
[BlackElo "2595"]
[PlyCount "107"]
[EventDate "2024.09.27"]
[EventType "team-tourn"]
[EventCountry "GER"]
[SourceTitle "playchess.com"]
[Source "ChessBase"]
[SourceQuality "1"]
[WhiteTeam "St. Pauli"]
[BlackTeam "SG Solingen"]
[TimeControl "40/5400+30:1800+30"]

1. e4 e5 2. Nf3 Nc6 3. Bb5 a6 4. Ba4 Nf6 5. O-O Be7 6. d3 b5 7. Bb3 d6 8. c3 O-O 9. h3 Bb7 10. Bc2 Re8 11. Re1 h6 12. Nbd2 Bf8 13. d4 Nb8 14. b3 Nbd7 15. Bb2 g6 16. a4 c6 17. Qb1 Qc7 18. c4 exd4 19. Bxd4 Bg7 ({Black should try} 19... bxc4 $11 20. bxc4 Bg7) 20. axb5 axb5 21. cxb5 cxb5 22. Bd3 Bc6 23. Rxa8 Rxa8 24. Rc1 Qb7 $1 25. b4 Ra6 26. Qb2 Nh5 27. Bxg7 Nxg7 28. Qd4 Qb8 29. Qe3 Kh7 30. Qf4 Qf8 31. Nd4 Ne5 32. Bf1 (32. Bxb5 $2 Bxb5 33. N2f3 (33. Nxb5 $2 Nd3 $19) 33... Qe8 $19) 32... Bd7 (32... Qe7 $14) 33. Qe3 $16 (33. Nxb5 $6 Bxb5 34. Bxb5 Rb6 $11) 33... Qa8 34. Nxb5 (34. Bxb5 Ra3 35. Rc3 Ra1+ 36. Bf1 Qa7) 34... Bxb5 35. Bxb5 Ra1 36. Rxa1 (36. Rf1 $18) 36... Qxa1+ $16 37. Bf1 g5 (37... Qb2 $16) 38. b5 Ne6 39. b6 Qb2 40. Nb3 Nd7 $2 (40... Nd8 $16 41. Be2 Qc2) 41. Bc4 Nec5 42. Bxf7 Nxb6 43. Nxc5 Qa1+ (43... dxc5 {might work better.} 44. g3 (44. Qxc5 Qb1+ 45. Kh2 Qxe4 $18) 44... Kg7) 44. Kh2 $18 Qe5+ 45. g3 dxc5 46. Ba2 Nd7 47. Qb3 Qe8 48. Qb7 Kg6 49. Qc7 Qf8 50. Kg2 ({Worse is} 50. Qxd7 Qxf2+ 51. Kh1 Qf1+ 52. Kh2 Qf2+ 53. Kh1 Qf1+ 54. Kh2 Qf2+ $11) 50... Qe8 51. Qd6+ Kg7 52. Be6 Nf6 53. Qc7+ Kh8 54. Bf5 1-0

[Event "German Bundesliga 2024-25"]
[Site "Germany"]
[Date "2025.01.11"]
[Round "5.4"]
[White "Mendonca, Leon Luke"]
[Black "Zelbel, Patrick"]
[Result "1-0"]
[Annotator "TA"]
[ECO "E94"]
[WhiteElo "2639"]
[BlackElo "2493"]
[PlyCount "57"]
[EventDate "2024.09.27"]
[EventType "team-tourn"]
[EventCountry "GER"]
[SourceTitle "playchess.com"]
[Source "ChessBase"]
[SourceQuality "1"]
[WhiteTeam "Hamburg"]
[BlackTeam "Muelheim Nord"]
[TimeControl "40/5400+30:1800+30"]

1. d4 Nf6 2. c4 g6 3. Nc3 Bg7 4. e4 d6 5. Be2 O-O 6. Nf3 e5 7. O-O h6 8. a3 Nh5 9. Re1 Nf4 10. Bf1 exd4 11. Nxd4 Ne6 12. Be3 Nc6 13. Nxe6 Bxe6 14. Rc1 a6 15. b4 Re8 16. Nd5 Rc8 17. Qd2 {[%emt 0:02:24] White is more active.} Kh7 18. f4 Qd7 19. Bf2 f5 20. Bd3 Nd4 21. Rcd1 Bxd5 ({Black should try} 21... Qf7 $14) 22. cxd5 $16 c5 23. dxc6 Rxc6 24. exf5 (24. Kf1) 24... Nxf5 (24... Rxe1+ $142 25. Qxe1 (25. Rxe1 Nxf5 26. b5 Rc8 $14) 25... Nxf5) 25. Rxe8 Qxe8 26. Bb1 Qe6 (26... h5 $142) 27. h3 ({Better is} 27. g4 Ne7 28. f5) 27... h5 28. Re1 Bc3 $2 (28... Qc4 $14 29. Bxf5 gxf5) 29. Qxc3 1-0

[Event "German Bundesliga 2024-25"]
[Site "Germany"]
[Date "2025.01.11"]
[Round "5.4"]
[White "Rakotomaharo, Fy Antenaina"]
[Black "Dragnev, Valentin"]
[Result "1/2-1/2"]
[Annotator "TA"]
[ECO "C07"]
[WhiteElo "2429"]
[BlackElo "2566"]
[PlyCount "178"]
[EventDate "2024.09.27"]
[EventType "team-tourn"]
[EventCountry "GER"]
[SourceTitle "playchess.com"]
[Source "ChessBase"]
[SourceQuality "1"]
[WhiteTeam "Bad Mergentheim"]
[BlackTeam "Bayern Muenchen"]
[TimeControl "40/5400+30:1800+30"]

1. e4 e6 2. d4 d5 3. Nd2 c5 4. Ngf3 cxd4 5. Nxd4 Nc6 6. Bb5 Bd7 7. Nxc6 bxc6 8. Bd3 Bd6 9. Qe2 Qc7 10. Nf3 dxe4 11. Qxe4 Nf6 12. Qh4 c5 13. Bg5 Ke7 14. Nd2 Be5 15. Nc4 h6 16. Nxe5 Qxe5+ 17. Be3 Rab8 18. O-O Rb4 19. c4 Rxb2 20. Rfe1 Ba4 21. Bf1 Qd6 22. Rac1 Rhb8 23. g3 Rxa2 24. Rc3 Qe5 25. Rd3 Kf8 26. f4 Qf5 27. Bf2 Kg8 28. Re5 Qg6 29. f5 exf5 30. Bxc5 Ra1 31. Bd4 Rc1 32. Be3 Rxf1+ 33. Kxf1 f4 34. Rd2 Rb1+ 35. Ke2 fxe3 36. Rxe3 Qf5 37. Qf4 Qh5+ 38. g4 Qc5 39. h4 Qc6 40. Rd8+ Kh7 41. Qf5+ g6 42. Qxb1 Qxc4+ 43. Kd2 Qxg4 44. Re7 Qf4+ 45. Kc3 Ng8 46. Rb7 Bc6 47. Rbb8 Nf6 48. Qe1 Be4 49. Kb2 Qe5+ 50. Ka3 Qc5+ 51. Kb2 Qc2+ 52. Ka3 Bd5 53. Rh8+ Kg7 54. Qe5 Qa2+ 55. Kb4 Qc4+ 56. Ka3 Qa2+ 57. Kb4 a5+ 58. Kb5 Qc4+ 59. Kb6 Qc6+ 60. Ka7 $2 (60. Kxa5 $11 {and White stays safe.} Qc5+ 61. Rb5 Qa3+ 62. Kb6) 60... Qd7+ 61. Kb6 (61. Ka6 $5 Qc6+ $8 62. Ka7 Qd7+ (62... Qc5+ 63. Rb6 $19) 63. Kb6 Qc6+ 64. Kxa5 (64. Ka7 $2 Qc5+ 65. Rb6 Kxh8 $17) 64... Qc5+ 65. Rb5 Qa3+ 66. Kb6 $11) 61... Qc6+ 62. Ka7 (62. Kxa5 $5 Qc5+ $8 63. Rb5 Qa3+ 64. Kb6 $11) 62... Qc5+ 63. Rb6 Kxh8 64. Qxf6+ Kg8 (64... Kh7 $1 $19 {And now ...Qc8 would win.} 65. Qd6 Qxd6 66. Rxd6 Bb3) 65. h5 $2 (65. Ka6 $17 Bc4+ 66. Kb7) 65... gxh5 $19 66. Qxh6 $2 {[%emt 0:00:17] [#]} (66. Qf4 $19) 66... Be6 $2 (66... Qe7+ $1 {mates} 67. Ka6 Bc4+ 68. Rb5 Qc5 (68... Bxb5+ $2 69. Kxb5 Qe5+ 70. Ka4 $19) 69. Kb7 Qxb5+ (69... Bxb5 $2 70. Qf6 $19) 70. Kc7 Qe5+ 71. Kb6 Qe6+ 72. Qxe6 Bxe6 (72... fxe6 {leads to mate.} 73. Kxa5 h4 74. Kb6 h3 75. Kc6 h2 76. Kc5 Bd5 77. Kd4 h1=Q 78. Kd3 Qh3+ 79. Kd2 Qf3 80. Kc2 Qe3 81. Kb2 Qd2+ 82. Kb1 Kh7 83. Ka1 Qc1#) 73. Kb5 f5 74. Kc5 h4 75. Kd6 Kf7 76. Kc7 h3 77. Kb6 h2 (77... a4 78. Kc5 a3 79. Kd4 a2 80. Ke3 a1=Q 81. Kf4 h2 82. Kg3 h1=Q 83. Kf4 Qac1+ 84. Kg3 Qe3#) 78. Kxa5 h1=Q (78... h1=R 79. Kb4 f4 80. Kc5 f3 81. Kc6 f2 82. Kc5 f1=Q 83. Kd4 Qf2+ 84. Kc3 Rh3+ 85. Kb4 Qb6+ 86. Ka4 Bd7#) 79. Kb5 Qd5+ 80. Kb4 Qc6 81. Ka5 Qc5+ 82. Ka4 Qb6 83. Ka3 Qb3#) 67. Qf6 $2 (67. Ka8 $11) 67... a4 $19 68. Kb7 a3 69. Rc6 Qb5+ (69... Qd5 $142 70. Kb6 a2) 70. Kc7 $19 Qa5+ 71. Kb8 Qb5+ 72. Kc7 Qa5+ 73. Kb8 $1 Qb4+ 74. Kc7 {[%emt 0:00:16] [#]} Qg4 $2 (74... Qf8 $1 $19 75. Rd6 Qg7) 75. Rc5 $1 $15 Qg3+ 76. Kb7 Qb3+ 77. Kc7 $1 Qg3+ 78. Kb7 Qg2+ 79. Kc7 Qh2+ $1 80. Kc6 Qg2+ (80... Qh1+ $1 $15 81. Kb6 Qb1+ 82. Kc7 Qd1 83. Qg5+ Kh7 84. Qxh5+ Qxh5 85. Rxh5+ Kg7 86. Rg5+ Kh6) 81. Kc7 $1 $11 Qh2+ ({Black should try} 81... Qd2 $11 82. Rxh5 Qd7+ 83. Kb6 Qd6+ 84. Ka7 Qc7+ 85. Ka8 Qc6+ 86. Ka7 Qc7+) 82. Kc6 $1 $15 Kh7 (82... Qh1+ $1 $15 83. Kc7 Qd1 84. Qg5+ Kf8) 83. Rg5 $11 Qc2+ 84. Kb6 Qb2+ 85. Qxb2 axb2 86. Rxh5+ Kg6 87. Rb5 Kh7 88. Rh5+ Kg6 89. Rb5 Bf5 1/2-1/2

[Event "German Bundesliga 2024-25"]
[Site "Germany"]
[Date "2025.01.11"]
[Round "5.5"]
[White "Van Wely, Loek"]
[Black "Maurizzi, Marc`Andria"]
[Result "1/2-1/2"]
[Annotator "TA"]
[ECO "E43"]
[WhiteElo "2608"]
[BlackElo "2585"]
[PlyCount "112"]
[EventDate "2024.09.27"]
[EventType "team-tourn"]
[EventCountry "GER"]
[SourceTitle "playchess.com"]
[Source "ChessBase"]
[SourceQuality "1"]
[WhiteTeam "SG Solingen"]
[BlackTeam "St. Pauli"]
[TimeControl "40/5400+30:1800+30"]

1. d4 Nf6 2. c4 e6 3. Nc3 Bb4 4. Nf3 b6 5. e3 Bb7 6. Bd3 O-O 7. O-O c5 8. Na4 cxd4 9. a3 Be7 10. exd4 Bxf3 11. Qxf3 Nc6 12. Be3 e5 13. d5 e4 $1 14. Bxe4 Ne5 15. Qf4 Bd6 $1 16. c5 Ng6 17. Qf3 (17. Qxd6 $2 Nxe4 $19) 17... Nh4 18. Qh3 Nxe4 19. cxd6 Ng6 20. Nc3 Nxd6 21. Rfe1 Re8 22. a4 Qf6 23. Qg4 Ne5 24. Qg5 Qxg5 25. Bxg5 Nd3 26. Re7 Rad8 27. Nb5 Nf5 28. Rxe8+ Rxe8 29. Nxa7 h6 30. Bd2 Re2 31. Bc3 Rc2 32. Rb1 Nxf2 33. Nb5 $1 ({But not} 33. Nc8 $2 Ng4 34. Kh1 (34. Nxb6 $2 {too greedy.} Nfe3 $19) 34... Nfe3 $19) 33... Ne4 34. Nd4 {[%emt 0:00:45] [#]} (34. Re1 $11 Nxc3 35. Re8+ Kh7 36. bxc3) 34... Nxd4 $1 $17 35. Bxd4 Rc4 36. Bxb6 Rxa4 37. Rd1 Rb4 38. Bd4 Rb5 39. Bc3 Nxc3 40. bxc3 Rc5 41. Rd3 Kf8 42. d6 (42. Kf2 $15) 42... f6 $17 43. Kf2 Kf7 44. h4 Ke6 45. g4 Rd5 46. Re3+ Kxd6 47. Re8 Re5 ({Better is} 47... Rd2+ $17 48. Ke3 Rc2) 48. Rg8 $15 Re7 49. Kf3 Ke5 50. Rc8 d6 51. c4 Rb7 52. Re8+ Kd4 53. Rd8 Kc5 (53... Kxc4 54. Rxd6 Kc5 55. Rd8) 54. Rc8+ Kd4 55. Rd8 Kc5 56. Rc8+ Kd4 1/2-1/2